 Dungeon Crawl Stone Soup version 0.28.0-53-g5a82cb258f (webtiles) character file.

Game seed: 6151752319035607790

54 MiltankisOP the Changer (level 3, -2/23 HPs)
             Began as an Octopode Transmuter on July 13, 2022.
             Slain by an adder (5 damage)
             ... on level 2 of the Dungeon.
             The game lasted 00:01:25 (1621 turns).

MiltankisOP the Changer (Octopode Transmuter)       Turns: 1621, Time: 00:01:25

Health: -2/23      AC:  1    Str:  9    XL:     3   Next: 91%
Magic:  5/6        EV: 13    Int: 15    God:
Gold:   73         SH:  0    Dex: 14    Spells: 5/6 levels left

rFire   . . .      SeeInvis .     - Unarmed
rCold   . . .      Faith    .   (no shield)
rNeg    . . .      Spirit   .   (helmet currently unavailable)
rPois   .          Reflect  .   (no amulet)
rElec   .          Harm     .   (no ring)
rCorr   .          Rampage  .   (no ring)
Will    .....                   (no ring)
Stlth   ++........              (no ring)
HPRegen 0.07/turn               (no ring)
MPRegen 0.10/turn               (no ring)
                                (no ring)
                                (no ring)

@: lethally poisoned (-2 -> -7), appendages
A: tentacle spike 3, almost no armour, amphibious, 8 rings, camouflage 1,
gelatinous body 1, (nimble swimmer 1), tentacles
a: End Transformation


You were on level 2 of the Dungeon.
One of your tentacles had grown a beastly spike.
You visited 1 branch of the dungeon, and saw 2 of its levels.

You collected 73 gold pieces.

Inventory:

Potions
 a - a potion of ambrosia {unknown}
 b - a potion of attraction {unknown}
 c - a potion of brilliance {unknown}


   Skills:
 - Level 1.0 Fighting
 - Level 2.0 Dodging
 - Level 3.0 Unarmed Combat
 - Level 2.0 Spellcasting
 + Level 3.2 Transmutations
 + Level 2.7 Poison Magic


You had 5 spell levels left.
You knew the following spells:

 Your Spells              Type           Power      Damage    Failure   Level
a - Beastly Appendage     Tmut           22%        N/A       6%          1

Your spell library contained the following spells:

 Spells                   Type           Power      Damage    Failure   Level
 Wereblood                Tmut           11%        N/A       9%          2
 Spider Form              Tmut/Pois      10%        N/A       21%         3
 Ice Form                 Ice/Tmut       6%         N/A       75%         4


Dungeon Overview and Level Annotations

Branches:
Dungeon (2/15)

Altars:


Innate Abilities, Weirdness & Mutations

One of your tentacles has grown a beastly spike.
You cannot wear most types of armour.
You are amphibious.
You can wear up to eight rings at the same time.
Your skin changes colour to match your surroundings (Stealth+).
Your rubbery body absorbs attacks. (AC +1, EV +1)
((You are camouflaged when in or above water. (Stealth+)))
You have tentacles for arms and can constrict up to eight enemies at once.


Message History

Confirm with . or Enter, or press ? or * to list all spells.
One of your tentacles grows a vicious spike.
The adder hisses angrily.
An adder comes into view.
You tentacle-slap the adder but do no damage.
Your grab misses the adder.
You pierce the adder.
The adder is moderately wounded.
The adder closely misses you.
You barely miss the adder.
The adder hisses angrily.
Your grab misses the adder.
You pierce the adder.
The adder is heavily wounded.
The adder barely misses you.
You tentacle-slap the adder. You grab the adder.
You pierce the adder.
You kill the adder!
You see here an adder corpse.
The adder bites you.
You miss the adder. Your grab misses the adder. The adder bites you. x2
You are poisoned.
The adder poisons you!
You are too injured to fight recklessly!
You are too injured to fight recklessly!
Casting: Beastly Appendage (safe; 6% risk of failure)
Confirm with . or Enter, or press ? or * to list all spells.
You fail to extend your transformation any further.
You feel sick. The adder closely misses you.
You tentacle-slap the adder. Your grab misses the adder.
Your tentacle spike misses the adder.
You squeeze the adder.
The adder is heavily wounded.
You feel sick. The adder bites you.
* * * LOW HITPOINT WARNING * * *
You are lethally poisoned!
The adder poisons you!
You tentacle-slap the adder but do no damage.
You grab the adder.
The adder is heavily wounded.
You constrict the adder.
* * * LOW HITPOINT WARNING * * *
You feel sick. The adder bites you.
You die...

.♣ .## #. ♣..# #.
... #. ..# #. ..#
#. ##.# #.####..#
###S@†...######. #
...................
#
...................
#
##########.########
# ###.### # #.....#
### ####.#.#.####
#.. #).†....†...#
#.# #.##.#.#.##.#
#.#


You could see an adder.

Vanquished Creatures
  3 adders (D:2)
  A dart slug (D:1)
  A ball python (D:2)
  2 giant cockroaches (D:1)
  3 goblins
  3 hobgoblins
  5 bats
  2 frilled lizards
  3 kobolds
  5 rats
28 creatures vanquished.

Vanquished Creatures (others)
  4 plants (D:2)
4 creatures vanquished.

Grand Total: 32 creatures vanquished

Notes
Turn   | Place    | Note
-------+----------+-------------------------------------------
     0 | D:1      | MiltankisOP the Octopode Transmuter began the quest for the
                  | Orb.
     0 | D:1      | Reached XP level 1. HP: 13/13 MP: 3/3
   365 | D:1      | Reached skill level 1 in Poison Magic
   462 | D:1      | Reached XP level 2. HP: 18/18 MP: 5/5
  1132 | D:2      | Found a faded altar of an unknown god.
  1162 | D:2      | Reached XP level 3. HP: 23/23 MP: 4/6
  1621 | D:2      | Slain by an adder

Illustrated notes

Levels and vault maps discovered:
D:1:      minmay_arrival_four_loops, layout_basic,
          chequers_serial_rivers_micro_a
D:2:      layout_loops_ring, serial_shops, nicolae_shop_hallway_plus,
          serial_forest, infiniplex_forest_corner_2,
          infiniplex_forest_clump_medium, infiniplex_forest_side_room,
          infiniplex_forest_clump_curved, infiniplex_forest_lined_corner,
          infiniplex_forest_fountain, infiniplex_forest_lined_4_way,
          infiniplex_forest_straight_3, shapermc_ecumenical_altar_totnotflames,
          amcnicky_mini_rare_corridor_liquid

Skill      XL: |  1  2  3 |
---------------+----------+-----
Poison Magic   | 1 2 |  2.7
Transmutations | 3 |  3.2
Fighting       | |  1.0
Dodging        | |  2.0
Unarmed Combat | |  3.0
Spellcasting   | |  2.0

Action                   || total
-------------------------++-------
Melee: Unarmed           ||    64
       Constrict         ||    19
       Tentacles         ||    10
       Kick              ||     9
       Punch             ||     3
 Cast: Beastly Appendage ||    17
 Stab: Sleeping          ||     6
Armor: Skin              ||     6
Dodge: Dodged            ||    44
